 Dungeon Crawl Stone Soup version 0.28-a0-823-gb444dcf96d (webtiles) character file.

Game seed: 15823599105069812914

2377 Zenkrye the Tainter (level 9, 0/63 HPs)
             Began as an Octopode Venom Mage on Nov 9, 2021.
             Was an Initiate of Vehumet.
             Splashed by a jelly's acid (2 damage)
             ... on level 7 of the Dungeon.
             The game lasted 00:31:58 (9569 turns).

Zenkrye the Tainter (Octopode Venom Mage)           Turns: 9569, Time: 00:31:59

Health: 0/63       AC: -7    Str:  7    XL:     9   Next: 45%
Magic:  14/14      EV: 17    Int: 26    God:    Vehumet [......]
Gold:   754        SH:  0    Dex: 19    Spells: 8/15 levels left

rFire   . . .      SeeInvis .   l - +1 eveningstar
rCold   . . .      Faith    .   (no shield)
rNeg    . . .      Spirit   .   (helmet restricted)
rPois   .          Reflect  .   v - amulet of the acrobat
rElec   .          Harm     .   t - +6 ring of intelligence
rCorr   .          Rampage  .   m - +6 ring of dexterity
Will    .....                   p - +4 ring of protection
Stlth   +++.......              (no ring)
HPRegen 0.20/turn               (no ring)
MPRegen 0.14/turn               (no ring)
                                (no ring)
                                (no ring)

@: corroded
A: almost no armour, amphibious, 8 rings, camouflage 1, gelatinous body 1,
(nimble swimmer 1), tentacles
a: Renounce Religion


You were on level 7 of the Dungeon.
You worshipped Vehumet.
Vehumet was noncommittal.
You visited 2 branches of the dungeon, and saw 8 of its levels.
You also visited: Sewer.

You collected 1258 gold pieces.
You spent 504 gold pieces at shops.

Inventory:

Hand Weapons
 c - a +0 hunting sling {@w2}
 g - a +1 mace of holy wrath
 l - a +1 eveningstar (weapon)
Missiles
 d - 154 stones
 i - 6 curare-tipped darts (quivered)
 q - 6 sling bullets
Magical Staves
 A - a staff of air
Jewellery
 m - a +6 ring of dexterity (right tentacle)
 p - a +4 ring of protection (on tentacle)
 t - a +6 ring of intelligence (left tentacle)
 v - an amulet of the acrobat (around mantle)
Wands
 k - a wand of flame (15)
 o - a wand of paralysis (6)
 z - a wand of polymorph (5)
Scrolls
 h - a scroll of immolation
 n - 2 scrolls of enchant weapon
 u - a scroll of amnesia
 w - 7 scrolls of identify {unknown}
 y - a scroll of teleportation {@r3}
Potions
 a - a potion of degeneration {unknown}
 b - a potion of magic {unknown}
 e - 4 potions of heal wounds {unknown}
 f - 3 potions of lignification {unknown}
 j - 6 potions of curing {unknown}
 r - 2 potions of invisibility {unknown}
 s - a potion of brilliance {unknown}
 x - a potion of resistance {unknown}


   Skills:
 + Level 6.5 Fighting
 + Level 7.0 Dodging
 - Level 2.6 Stealth
 + Level 3.7 Spellcasting
 + Level 3.9 Transmutations
 - Level 8.0 Poison Magic


You had 8 spell levels left.
You knew the following spells:

 Your Spells              Type           Power      Damage    Failure   Level
e - Olgreb's Toxic Radia  Pois           46%        N/A       3%          4
p - Apportation           Tloc           8%         N/A       9%          1
z - Poisonous Vapours     Pois/Air       50%        N/A       2%          2

Your spell library contained the following spells:

 Spells                   Type           Power      Damage    Failure   Level
 Sting                    Tmut/Pois      100%       1d8       1%          1
 Animate Skeleton         Necr           8%         N/A       9%          1
 Summon Small Mammal      Summ           16%        N/A       9%          1
 Mephitic Cloud           Conj/Pois/Air  18%        N/A       9%          3
 Ensorcelled Hibernation  Hex/Ice        8%         N/A       13%         2
 Call Canine Familiar     Summ           4%         N/A       26%         3
 Portal Projectile        Hex/Tloc       8%         N/A       26%         3
 Summon Guardian Golem    Hex/Summ       4%         N/A       26%         3
 Tukima's Dance           Hex            4%         N/A       26%         3
 Blade Hands              Tmut           12%        N/A       43%         5
 Excruciating Wounds      Necr           2%         N/A       94%         5


Dungeon Overview and Level Annotations

Branches:
Dungeon (7/15)             Temple (1/1) D:5           Sewer (visited)

Altars:
Cheibriados
Dithmenos
Elyvilon
Fedhas
Gozag
Hepliaklqana
Kikubaaqudgha
Makhleb
Nemelex Xobeh
Okawaru
Qazlal
Ru
Sif Muna
Trog
Uskayaw
Vehumet
Wu Jian
Xom
Yredelemnul
Zin
The Shining One

Shops:
D:5 =


Innate Abilities, Weirdness & Mutations

You cannot wear most types of armour.
You are amphibious.
You can wear up to eight rings at the same time.
Your skin changes colour to match your surroundings (Stealth+).
Your rubbery body absorbs attacks. (AC +1, EV +1)
((You are camouflaged near water. (Stealth+)))
You have tentacles for arms and can constrict up to eight enemies at once.


Message History

Unknown command.
l - a +1 eveningstar (weapon)
The helpless jelly fails to defend itself.
You puncture the jelly! The acid corrodes you!
Your tentacles burn!
You squeeze the jelly, but do no damage.
The jelly is severely wounded.
The jelly barely misses you. The jelly hits you.
You are splashed with acid!
You hit the jelly. The acid corrodes you!
Your tentacles burn!
The jelly is severely wounded.
The jelly hits you. The acid corrodes you!
You are splashed with acid!
You hit the jelly.
Your tentacles burn!
You squeeze the jelly.
The jelly is almost dead.
The jelly hits you.
You are splashed with acid!
The jelly misses you.
You are too injured to fight recklessly!
You are too injured to fight recklessly!
You hit the jelly but do no damage.
Your tentacles burn!
The jelly is almost dead.
The jelly hits you.
* * * LOW HITPOINT WARNING * * *
You are splashed with acid!
* * * LOW HITPOINT WARNING * * *
You hit the jelly but do no damage.
Your tentacles burn!
* * * LOW HITPOINT WARNING * * *
You squeeze the jelly, but do no damage.
The jelly is almost dead.
The jelly misses you. The jelly hits you.
* * * LOW HITPOINT WARNING * * *
You are splashed with acid.
* * * LOW HITPOINT WARNING * * *
You barely miss the jelly.
The jelly is almost dead.
The jelly closely misses you.
Okay, then.
Unknown command.
You barely miss the jelly.
The jelly is almost dead.
The jelly jiggles.
The jelly barely misses you. The jelly closely misses you.
You hit the jelly but do no damage.
Your tentacles burn!
You die...

####### #.J@..#
#.###.# # #.#
###.#####
#.......#
#.#.....# ##
#.###############.
#>.............##.
#..#....####.#.##.


You could see a jelly.

Vanquished Creatures
  A steam dragon (D:6)
  A water moccasin (D:5)
  Duvessa (D:4)
  3 ogres
  A necrophage (D:7)
  A centaur (D:6)
  2 kobold brigands (D:4)
  5 bullfrogs
  3 scorpions
  A water moccasin skeleton (D:4)
  Dowan (D:4)
  A howler monkey (D:4)
  A crimson imp (D:4)
  A jelly (D:5)
  An orc priest (D:7)
  3 hounds
  2 centaur skeletons (D:7)
  Jessica (D:1)
  4 iguanas
  Ijyb (D:3)
  Natasha (thrice) (D:2)
  6 orc wizards
  4 gnolls (D:3)
  4 adders
  A howler monkey skeleton (D:5)
  3 ufetubi
  An adder skeleton (D:4)
  3 worms (D:3)
  4 dart slugs
  15 orcs
  6 ball pythons
  7 endoplasms
  6 giant cockroaches
  20 goblins
  7 hobgoblins
  10 quokkas
  4 bats
  8 frilled lizards
  3 goblin skeletons (D:4)
  A goblin zombie (D:4)
  24 kobolds
  3 kobold zombies (D:4)
  2 orc skeletons (D:4)
  6 rats
186 creatures vanquished.

Vanquished Creatures (others)
  An adder skeleton (D:4)
  71 plants (D:4)
72 creatures vanquished.

Grand Total: 258 creatures vanquished

Notes
Turn   | Place    | Note
-------+----------+-------------------------------------------
     0 | D:1      | Zenkrye the Octopode Venom Mage began the quest for the
                  | Orb.
     0 | D:1      | Reached XP level 1. HP: 11/11 MP: 3/3
   337 | D:1      | Reached skill level 4 in Poison Magic
   404 | D:1      | Reached XP level 2. HP: 12/17 MP: 0/5
   617 | D:1      | Found a faded altar of an unknown god.
  1186 | D:2      | Noticed Natasha
  1191 | D:2      | Killed Natasha
  1192 | D:2      | Reached XP level 3. HP: 16/21 MP: 1/7
  1198 | D:2      | Learned a level 2 spell: Poisonous Vapours
  1271 | D:2      | Noticed Jessica
  1271 | D:2      | Noticed an ogre
  1285 | D:1      | Killed Jessica
  1286 | D:1      | Reached XP level 4. HP: 12/27 MP: 1/8
  1469 | D:1      | Learned a level 4 spell: Olgreb's Toxic Radiance
  1540 | D:2      | Reached skill level 5 in Poison Magic
  1831 | D:2      | Noticed Natasha
  1839 | D:2      | Killed Natasha
  2001 | D:2      | Noticed Natasha
  2054 | D:2      | Killed Natasha
  2055 | D:2      | Reached XP level 5. HP: 31/31 MP: 1/9
  2327 | D:2      | Killed an ogre
  2328 | D:2      | Reached skill level 6 in Poison Magic
  2699 | D:2      | Noticed a necrophage
  2779 | D:3      | Noticed Ijyb
  2784 | D:3      | Killed Ijyb
  2785 | D:3      | Reached XP level 6. HP: 37/37 MP: 1/10
  2883 | D:3      | Found a glowing drain.
  2940 | Sewer    | Entered a sewer
  3174 | Sewer    | Reached skill level 1 in Fighting
  3525 | Sewer    | Identified a scroll of acquirement
  3525 | Sewer    | Acquired 877 gold pieces
  3545 | D:3      | Reached XP level 7. HP: 45/45 MP: 8/11
  4307 | D:3      | Reached skill level 7 in Poison Magic
  5324 | D:4      | Found a glowing golden altar of the Shining One.
  5451 | D:4      | Noticed Duvessa
  5451 | D:4      | Noticed Dowan
  5458 | D:4      | Killed Dowan
  5459 | D:4      | Reached XP level 8. HP: 52/52 MP: 7/12
  5472 | D:4      | Killed Duvessa
  5473 | D:4      | Reached skill level 8 in Poison Magic
  5672 | D:4      | Found a hide-covered altar of Uskayaw.
  5672 | D:4      | Found an iron altar of Okawaru.
  5730 | D:4      | Found a faded altar of an unknown god.
  5734 | D:4      | Found a sacrificial altar of Ru.
  5736 | D:4      | Found a faded altar of an unknown god.
  5817 | D:4      | Reached skill level 5 in Dodging
  6079 | D:4      | Found a snail-covered altar of Cheibriados.
  6079 | D:4      | Found an opulent altar of Gozag.
  6211 | D:4      | Learned a level 1 spell: Apportation
  6249 | D:5      | Entered Level 5 of the Dungeon
  6255 | D:5      | Found a staircase to the Ecumenical Temple.
  6548 | Temple   | Entered the Ecumenical Temple
  6602 | D:5      | Found a bloodstained altar of Trog.
  6617 | D:5      | Reached skill level 5 in Fighting
  7106 | D:5      | Found Fuuluuth's Jewellery Emporium.
  7111 | D:5      | Bought a +4 ring of protection for 504 gold pieces
  8188 | D:6      | Reached XP level 9. HP: 13/62 MP: 3/13
  9163 | D:7      | Found a radiant altar of Vehumet.
  9193 | D:7      | Found an ancient bone altar of Kikubaaqudgha.
  9254 | D:7      | Found a shimmering blue altar of Sif Muna.
  9273 | D:7      | Became a worshipper of Vehumet
  9566 | D:7      | HP: 1/63 [acid (5)]
  9569 | D:7      | Splashed by a jelly's acid

Illustrated notes

Levels and vault maps discovered:
D:1:      minmay_arrival_checkered_box, layout_basic,
          hellmonk_ecumenical_altar_blasted, minivault_27, minmay_misc_feat_five
D:2:      layout_loops_ring, uniq_jessica, uniq_natasha
D:3:      cheibrodos_greedy_goblins, layout_loops_ring,
          cheibrodos_sewer_entry_sluice, uniq_ijyb
D:4:      kennysheep_kobold_camp, layout_cave_pools,
          chequers_temple_overflow_minitemple, nicolae_tso_besieged_by_evil,
          jmf_multi_god_temple, chequers_ossuary_entry_cave, uniq_duvessa
D:5:      layout_loops_ring, trog_three_pillars_becter,
          minmay_temple_entry_tees, minmay_shop_enchanted_jewellery
D:6:      layout_basic, dk_vineyard_1, minmay_stone_trees_small,
          minmay_misc_feat_ornament
D:7:      layout_basic, palyth_temple_overflow_mages
Temple:   minmay_freezing_vapour_temple

Skill      XL: |  1  2  3  4  5  6  7  8  9 |
---------------+----------------------------+-----
Poison Magic   | 4 5 6 7 8 |  8.0
Spellcasting   | 3 |  3.7
Transmutations | 2 3 |  3.9
Fighting       | 2 3 6 |  6.5
Dodging        | 3 4 6 7 |  7.0
Stealth        | |  2.6

Action                   |  1- 3 |  4- 6 |  7- 9 || total
-------------------------+-------+-------+-------++-------
Melee: Unarmed           |     2 |     2 |    19 ||    23
       Constrict         |     1 |     1 |    15 ||    17
       Tentacles         |       |     1 |    22 ||    23
       Mace              |       |       |    28 ||    28
       Eveningstar       |       |       |    26 ||    26
 Fire: Hunting sling     |    20 |    76 |   223 ||   319
Throw: Dart              |       |     1 |     6 ||     7
 Cast: Sting             |    20 |    48 |    18 ||    86
       Poisonous Vapours |     3 |    13 |    35 ||    51
       Olgreb's Toxic Ra |       |     5 |    29 ||    34
       Apportation       |       |       |     1 ||     1
Evoke: Wand              |       |       |     2 ||     2
  Use: Scroll            |     2 |     1 |     4 ||     7
 Stab: Distracted        |       |       |     1 ||     1
       Sleeping          |       |       |     2 ||     2
Armor: Skin              |       |     5 |    19 ||    24
Dodge: Dodged            |     6 |    28 |   113 ||   147

Table legend: (Time is in decaauts)
 A = Elapsed time spent in this place.
 B = Non-inter-level travel time spent in this place.
 C = Inter-level travel time spent in this place.
 D = Time resting spent in this place.
 E = Time spent auto-exploring this place.
 F = Levels seen in this place.
 G = Mean time per level.
                   A        B        C        D        E       F      G
               +--------+--------+--------+--------+--------+-----+--------+
         Total |   9660 |   9422 |    238 |   1460 |   5879 |   9 | 1073.3 |
       Dungeon |   9038 |   8800 |    238 |   1460 |   5372 |   7 | 1291.1 |
        Temple |     15 |     15 |      0 |      0 |     10 |   1 |   15.0 |
         Sewer |    606 |    606 |      0 |      0 |    497 |   1 |  606.0 |
               +--------+--------+--------+--------+--------+-----+--------+

Top non-repeatable levels by time:
     D:1: 1837 daAuts
     D:4: 1502 daAuts
     D:6: 1339 daAuts
     D:5: 1306 daAuts
     D:3: 1245 daAuts
     D:2: 1128 daAuts
     D:7: 677 daAuts
   Sewer: 606 daAuts
  Temple: 15 daAuts
